 Dungeon Crawl Stone Soup version 0.28.0-53-g5a82cb258f (webtiles) character file.

Game seed: 873486916211305967

44 Sin92 the Skirmisher (level 3, 0/29 HPs)
             Began as a Demonspawn Fighter on Aug 15, 2022.
             Slain by a gnoll
             ... wielding a +0 spear
              (4 damage)
             ... on level 2 of the Dungeon.
             The game lasted 00:01:27 (1738 turns).

Sin92 the Skirmisher (Demonspawn Fighter)           Turns: 1738, Time: 00:01:28

Health: 0/29       AC:  7    Str: 16    XL:     3   Next: 39%
Magic:  3/3        EV:  9    Int:  9    God:
Gold:   52         SH:  5    Dex: 14    Spells: 2/2 levels left

rFire   . . .      SeeInvis .   a - +0 long sword
rCold   . . .      Faith    .   c - +0 buckler
rNeg    . . .      Spirit   .   b - +0 scale mail
rPois   .          Reflect  .   (helmet restricted)
rElec   .          Harm     .   g - +0 cloak
rCorr   .          Rampage  .   (no gloves)
Will    .....                   (no boots)
Stlth   ..........              (no amulet)
HPRegen 0.09/turn               (no ring)
MPRegen 0.08/turn               (no ring)

@: mighty, brilliant
A: antennae 1
a: no special abilities


You were on level 2 of the Dungeon.
You visited 1 branch of the dungeon, and saw 2 of its levels.

You collected 52 gold pieces.

Inventory:

Hand Weapons
 a - a +0 long sword (weapon)
Armour
 b - a +0 scale mail (worn)
 c - a +0 buckler (worn)
 g - a +0 cloak (worn)
Scrolls
 e - a scroll of teleportation {unknown}


   Skills:
 + Level 3.2 Fighting
 * Level 2.4 Long Blades
 + Level 2.9 Armour
 + Level 0.9 Dodging
 + Level 3.0 Shields


You had 2 spell levels left.
You didn't know any spells.
Your spell library contained the following spells:

 Spells                   Type           Power      Damage    Failure   Level
 Gell's Gravitas          Tloc           0%         N/A       99%         3
 Teleport Other           Tloc           0%         N/A       99%         3
 Dispersal                Tloc           0%         N/A       100%        6


Dungeon Overview and Level Annotations

Branches:
Dungeon (2/15)

Altars:


Innate Abilities, Weirdness & Mutations

You have a pair of small antennae on your head.


Message History

A gnoll comes into view. It is wielding a +0 club.
There are monsters nearby!
The gnoll shouts!
You hear an angry hiss.
The gnoll hits you but does no damage.
You hear a shout!
Unknown command.
There are monsters nearby!
You hit the gnoll but do no damage. The gnoll hits you with a +0 whip.
The gnoll hits you but does no damage. The gnoll hits you with a +0 whip.
Unknown command.
You hit the gnoll.
The gnoll is moderately wounded.
The gnoll misses you. x2
Unknown command.
There are monsters nearby!
You slash the gnoll!
The gnoll is severely wounded.
The gnoll hits you from afar with a +0 spear.
The gnoll closely misses you. The gnoll hits you with a +0 flail!
The gnoll closely misses you.
You are too injured to fight recklessly!
Unknown command.
Unknown command.
It was a potion of brilliance.
You feel clever all of a sudden. The gnoll closely misses you.
The gnoll hits you but does no damage. The gnoll hits you but does no damage.
You feel very mighty all of a sudden. You block the gnoll's attack.
You slash the gnoll!
You kill the gnoll!
You hit the gnoll.
The gnoll is moderately wounded.
The gnoll hits you but does no damage.
The gnoll hits you from afar with a +0 spear.
* * * LOW HITPOINT WARNING * * *
You hit the gnoll.
The gnoll is heavily wounded.
The gnoll hits you from afar with a +0 spear.
You die...

########## #........#
### ####........#
#.#####
###.##........###.#....
..................'....
##.##.........##.#...)
##....g........##.#....
#..gg)@........##.#####
#.#.###....##..##.#
#...# #....##..##.#
#..g..............#
...##<.............#
### ###. ###..#.#######
#.. .. .##.# #.. ## ##
# #.. #####..


You could see 3 gnolls.

Vanquished Creatures
  A gnoll (D:2)
  A dart slug (D:1)
  A ball python (D:1)
  3 endoplasms (D:1)
  3 goblins
  5 hobgoblins (D:1)
  2 quokkas
  5 bats (D:1)
  6 kobolds
  2 rats (D:1)
29 creatures vanquished.

Notes
Turn   | Place    | Note
-------+----------+-------------------------------------------
     0 | D:1      | Sin92 the Demonspawn Fighter began the quest for the Orb.
     0 | D:1      | Reached XP level 1. HP: 18/18 MP: 1/1
   394 | D:1      | Gained mutation: You have a pair of small antennae on your
                  | head. [demonic ancestry]
   394 | D:1      | Reached XP level 2. HP: 23/24 MP: 2/2
   459 | D:1      | Found a faded altar of an unknown god.
  1489 | D:2      | Reached XP level 3. HP: 26/29 MP: 3/3
  1738 | D:2      | Slain by a gnoll

Illustrated notes

Levels and vault maps discovered:
D:1:      dpeg_arrival_ternary, layout_basic,
          shapermc_ecumenical_altar_flowoftime
D:2:      layout_basic, ebering_dispersal_statue_hall, uniq_robin

Skill      XL: |  1  2 |
---------------+-------+-----
Long Blades    | 2 |  2.4
Shields        | 3 |  3.0
Fighting       | |  3.2
Armour         | |  2.9
Dodging        | |  0.9

Action                   || total
-------------------------++-------
Melee: Long sword        ||   102
  Use: Potion            ||     2
Armor: Scale mail        ||    67
Dodge: Dodged            ||    52
Block: Buckler           ||    27
